 Dungeon Crawl Stone Soup version 0.29-a0-648-g6b26cc9f40 (webtiles) character file.

Game seed: 732146680835922381

4414 frimble the Covert (level 10, -2/61 HPs)
             Began as an Octopode Warper on June 20, 2022.
             Was an Initiate of Ashenzari.
             Slain by a yak (12 damage)
             ... on level 9 of the Dungeon.
             The game lasted 00:13:27 (9852 turns).

frimble the Covert (Octopode Warper)                Turns: 9852, Time: 00:13:27

Health: -2/61      AC:  1    Str: 10    XL:     10   Next: 36%
Magic:  12/13      EV: 17    Int: 24    God:    Ashenzari [......]
Gold:   368        SH:  0    Dex: 20    Spells: 8/13 levels left

rFire   x . .      SeeInvis .   y - +5 scimitar
rCold   + . .      Faith    .   (no shield)
rNeg    . . .      Spirit   .   (helmet restricted)
rPois   .          Reflect  .   (no amulet)
rElec   .          Harm     .   d - ring of ice
rCorr   .          Rampage  .   x - ring of Apeoromancy {Int+6, Self, Elem} (curse)
Will    .....                   t - +6 ring of dexterity
Stlth   ++++++....              (no ring)
HPRegen 0.20/turn               (no ring)
MPRegen 0.13/turn               (no ring)
                                (no ring)
                                (no ring)

@: no status effects
A: almost no armour, amphibious, 8 rings, camouflage 1, gelatinous body 1,
(nimble swimmer 1), tentacles
a: Renounce Religion, Shatter the Chains


You were on level 9 of the Dungeon.
You worshipped Ashenzari.
Ashenzari was noncommittal.
You visited 2 branches of the dungeon, and saw 9 of its levels.

You collected 368 gold pieces.

Inventory:

Hand Weapons
 a - a +0 falchion
 h - a +1 rapier
 n - a +2 scimitar of flaming
 y - a +5 scimitar (weapon)
Missiles
 c - 7 boomerangs of dispersal
 m - 6 boomerangs (quivered)
 u - 22 poisoned darts
 v - 9 javelins
Jewellery
 d - a ring of ice (left tentacle)
 l - a ring of fire
 t - a +6 ring of dexterity (on tentacle)
 x - the cursed ring of Apeoromancy (right tentacle) {Int+6, Self, Elem}
   (You found it on level 6 of the Dungeon)

   [ring of intelligence]

   Int:       It affects your intelligence (+6).
   It has a curse which improves the following skills: Introspection: Fighting
   and Spellcasting.
   Elements:  Fire Magic, Ice Magic, Air Magic and Earth Magic.
 D - an amulet of guardian spirit
Wands
 r - a wand of flame (13)
 F - a wand of digging (6)
Scrolls
 b - 3 scrolls of blinking
 j - 2 scrolls of fear
 p - a scroll of identify
 s - a scroll of enchant weapon
 A - 2 scrolls of teleportation
 C - a scroll of immolation {unknown}
 E - a scroll of brand weapon {unknown}
Potions
 e - 3 potions of heal wounds
 f - 3 potions of flight
 g - 3 potions of lignification {unknown}
 i - a potion of invisibility {unknown}
 k - 5 potions of curing
 o - 3 potions of cancellation {unknown}
 q - 2 potions of attraction {unknown}
 w - 2 potions of brilliance {unknown}
 z - a potion of ambrosia {unknown}
 B - a potion of resistance {unknown}


   Skills:
 - Level 2.0(2.3) Fighting
 - Level 4.2(5.9) Short Blades
 + Level 6.4(7.0) Long Blades
 - Level 5.4 Throwing
 + Level 6.6 Dodging
 - Level 10.0 Stealth
 - Level 2.0(2.3) Spellcasting
 - Level 6.0 Translocations
 + Level 4.1 Evocations


You had 8 spell levels left.
You knew the following spells:

 Your Spells              Type           Power      Damage    Failure   Level
a - Blink                 Tloc           64%        N/A       1%          2
b - Gell's Gravitas       Tloc           32%        N/A       2%          3

Your spell library contained the following spells:

 Spells                   Type           Power      Damage    Failure   Level
 Lesser Beckoning         Tloc           32%        N/A       2%          3
 Teleport Other           Tloc           32%        N/A       2%          3
 Manifold Assault         Tloc           32%        N/A       26%         5


Dungeon Overview and Level Annotations

Branches:
Dungeon (7/15)             Temple (1/1) D:6

Altars:
Ashenzari
Dithmenos
Makhleb
Qazlal
Ru
Sif Muna
Vehumet


Innate Abilities, Weirdness & Mutations

You cannot wear most types of armour.
You are amphibious.
You can wear up to eight rings at the same time.
Your skin changes colour to match your surroundings (Stealth+).
Your rubbery body absorbs attacks. (AC +1, EV +1)
((You are camouflaged when in or above water. (Stealth+)))
You have tentacles for arms and can constrict up to eight enemies at once.


Message History

The yak is almost dead.
The yak completely misses you.
You slash the yak!
You kill the yak!
The yak gores you!
Your Evocations skill increases to level 4!
Casting: Blink (safe; 1% risk of failure)
Confirm with . or Enter, or press ? or * to list all spells.
You blink.
Throw: 7 boomerangs
Press: ? - help, Q - select action, (/) - cycle Shift-Dir - straight line, f - yak
Aim: a yak (75% to hit)
You throw a boomerang.
The boomerang hits the yak but does no damage.
Throw: 7 boomerangs
Press: ? - help, Q - select action, (/) - cycle Shift-Dir - straight line, f/p - yak
Aim: a yak (75% to hit)
You throw a boomerang. The boomerang hits the yak!
The yak is lightly wounded.
You feel stable enough to blink again.
Throw: 7 boomerangs
Press: ? - help, Q - select action, (/) - cycle Shift-Dir - straight line, f/p - yak
Aim: a yak (lightly wounded, 75% to hit)
You throw a boomerang.
The boomerang hits the yak but does no damage.
The yak is lightly wounded.
You hit the yak. You squeeze the yak.
The yak is moderately wounded.
The yak barely misses you.
You slash the yak! You squeeze the yak.
The yak is heavily wounded.
The yak completely misses you.
You hit the yak. Your squeeze misses the yak.
The yak is heavily wounded.
The yak gores you!
* * * LOW HITPOINT WARNING * * *
You hit the yak.
The yak is heavily wounded.
The yak gores you!
You die...

#..........#
#..†#####..#
#...# #..#
#...#####..#
#..........#
#..........#
####.......#
#Y..###.#
#@..# #.#
+...###.#
#.......#
##.......#
#........#
#........#
#........#
#........#
#........#


You could see a yak.

Vanquished Creatures
  Pikel (D:7)
  5 yaks
  2 water moccasins
  2 orc warriors
  2 black bears (D:5)
  2 ice beasts
  A sky beast (D:7)
  2 ogres (D:6)
  A centaur (D:7)
  A lemure (D:7)
  A kobold brigand (D:7)
  A gnoll sergeant (D:7)
  A necrophage (D:4)
  7 scorpions
  10 wights
  A howler monkey (D:5)
  An electric eel (D:7)
  3 orc priests
  9 hounds
  7 iguanas
  3 orc wizards
  10 gnolls
  10 adders
  A shadow imp (D:6)
  3 white imps
  An ufetubus (D:6)
  5 worms
  4 dart slugs
  22 orcs
  5 ball pythons
  6 bats
  3 endoplasms
  6 giant cockroaches
  9 goblins
  6 hobgoblins
  9 jackals
  2 quokkas (D:1)
  3 frilled lizards
  10 kobolds
  4 rats
182 creatures vanquished.

Notes
Turn   | Place    | Note
-------+----------+-------------------------------------------
     0 | D:1      | frimble the Octopode Warper began the quest for the Orb.
     0 | D:1      | Reached XP level 1. HP: 14/14 MP: 3/3
   345 | D:1      | Reached skill level 1 in Stealth
   345 | D:1      | Reached XP level 2. HP: 19/19 MP: 5/5
   775 | D:1      | Reached XP level 3. HP: 15/24 MP: 6/6
  1139 | D:1      | Reached skill level 2 in Stealth
  1305 | D:2      | Reached skill level 1 in Short Blades
  1325 | D:2      | Reached XP level 4. HP: 6/29 MP: 7/7
  1935 | D:2      | Learned a level 2 spell: Blink
  2450 | D:2      | Reached skill level 3 in Stealth
  2458 | D:2      | Reached XP level 5. HP: 17/34 MP: 8/8
  3952 | D:4      | Reached skill level 4 in Stealth
  3952 | D:4      | Reached XP level 6. HP: 19/39 MP: 9/9
  4522 | D:4      | Reached XP level 7. HP: 32/45 MP: 10/10
  4626 | D:4      | Reached skill level 5 in Stealth
  5197 | D:5      | Entered Level 5 of the Dungeon
  5693 | D:5      | Reached skill level 5 in Translocations
  5979 | D:5      | Reached XP level 8. HP: 44/50 MP: 11/11
  6095 | D:6      | Reached skill level 6 in Stealth
  6277 | D:6      | Learned a level 3 spell: Gell's Gravitas
  7053 | D:5      | Reached skill level 7 in Stealth
  7186 | D:5      | Reached XP level 9. HP: 45/54 MP: 12/12
  7331 | D:5      | Reached skill level 5 in Throwing
  7331 | D:5      | Reached skill level 8 in Stealth
  7600 | D:6      | Reached skill level 5 in Dodging
  7974 | D:6      | Reached skill level 5 in Long Blades
  8231 | D:6      | Found a staircase to the Ecumenical Temple.
  8248 | Temple   | Entered the Ecumenical Temple
  8256 | Temple   | Became a worshipper of Ashenzari the Shackled
  8364 | D:7      | Reached skill level 1 in Evocations
  9020 | D:7      | Reached skill level 9 in Stealth
  9499 | D:7      | Reached XP level 10. HP: 60/60 MP: 13/13
  9539 | D:7      | Noticed Pikel
  9552 | D:7      | Killed Pikel
  9768 | D:7      | You fall into a shaft and drop 2 floors!
  9837 | D:9      | Reached skill level 10 in Stealth
  9852 | D:9      | Slain by a yak

Illustrated notes

Levels and vault maps discovered:
D:1:      dpeg_arrival_central, layout_basic, minmay_tetromino_l2
D:2:      minmay_alternating_diamond, layout_basic, kennysheep_cross_bottleneck,
          minmay_crystal_water, minmay_split_cup_large
D:3:      layout_basic
D:4:      layout_gridville, kennysheep_generic_room_4
D:5:      layout_basic, moated_statue, minmay_joined_circles
D:6:      layout_cave_pools, minmay_temple_entry_nine_rooms
D:7:      layout_basic, serial_shops, kennysheep_mini, kennysheep_boxes,
          uniq_pikel
D:9:      layout_stronghold
Temple:   eino_temple_lava

Skill      XL: |  1  2  3  4  5  6  7  8  9 10 |
---------------+-------------------------------+-----
Stealth        | 1 2 3 4 5 7 9 10 | 10.0
Short Blades   | 1 2 3 4 |  4.2
Long Blades    | 3 5 6 |  6.4
Translocations | 4 5 6 |  6.0
Throwing       | 2 3 4 5 |  5.4
Dodging        | 3 4 5 6 |  6.6
Evocations     | 2 4 |  4.1
Fighting       | |  2.0
Spellcasting   | |  2.0

Action                   |  1- 3 |  4- 6 |  7- 9 | 10-12 || total
-------------------------+-------+-------+-------+-------++-------
Melee: Falchion          |    15 |       |       |       ||    15
       Constrict         |    12 |    36 |    50 |     1 ||    99
       Tentacles         |    11 |    25 |    63 |     8 ||   107
       Rapier            |    39 |   130 |   143 |       ||   312
       Punch             |     1 |     1 |     3 |     1 ||     6
       Scimitar          |       |       |    51 |    31 ||    82
Throw: Boomerang         |       |    15 |    59 |    24 ||    98
       Dart              |       |       |    17 |       ||    17
 Cast: Blink             |       |     1 |     3 |     2 ||     6
       Gell's Gravitas   |       |       |     8 |       ||     8
Invok: Curse Item        |       |       |       |     1 ||     1
Evoke: Wand              |       |       |     1 |       ||     1
  Use: Scroll            |     3 |       |     8 |       ||    11
       Potion            |       |       |     2 |       ||     2
 Stab: Sleeping          |    11 |     6 |     6 |     2 ||    25
       Distracted        |       |     1 |       |       ||     1
Armor: Skin              |     2 |    12 |     3 |       ||    17
Dodge: Dodged            |    27 |    92 |   108 |    15 ||   242

Table legend: (Time is in decaauts)
 A = Elapsed time spent in this place.
 B = Non-inter-level travel time spent in this place.
 C = Inter-level travel time spent in this place.
 D = Time resting spent in this place.
 E = Time spent auto-exploring this place.
 F = Levels seen in this place.
 G = Mean time per level.
                   A        B        C        D        E       F      G
               +--------+--------+--------+--------+--------+-----+--------+
         Total |   9873 |   9590 |    283 |    419 |   7714 |   9 | 1097.0 |
       Dungeon |   9856 |   9588 |    268 |    419 |   7714 |   8 | 1232.0 |
        Temple |     16 |      1 |     15 |      0 |      0 |   1 |   16.0 |
               +--------+--------+--------+--------+--------+-----+--------+

Top non-repeatable levels by time:
     D:5: 2142 daAuts
     D:2: 1610 daAuts
     D:7: 1457 daAuts
     D:4: 1437 daAuts
     D:1: 1286 daAuts
     D:6: 957 daAuts
     D:3: 880 daAuts
     D:9: 85 daAuts
  Temple: 16 daAuts
